 Dungeon Crawl Stone Soup version 0.19.0-9-gfd783f2 (webtiles) character file.

757 tv1990 the Bolt Thrower (level 8, -7/56 HPs)
             Began as a Formicid Arcane Marksman on Nov 7, 2016.
             Killed from afar by Dowan (25 damage)
             ... with a shard of ice
             ... on level 5 of the Dungeon.
             The game lasted 00:13:32 (4520 turns).

tv1990 the Bolt Thrower (Formicid Arcane Marksman)  Turns: 4520, Time: 00:13:32

Health: -7/56      AC: 18    Str: 17    XL:     8   Next: 7%
Magic:  9/9        EV:  5    Int: 12    God:
Gold:   190        SH:  0    Dex: 12    Spells: 1 memorised, 8 levels left

rFire  . . .     SeeInvis +     r - +2 flail (protect)
rCold  . . .     Gourm    .     D - +0 plate armour
rNeg   . . .     Faith    .     (no shield)
rPois  +         Spirit   .     (helmet unavailable)
rElec  .         Reflect  .     k - +0 cloak
rCorr  .         Harm     .     (no gloves)
MR     .....                    (no boots)
Stlth  ..........               (no amulet)
                                (no ring)
                                h - ring of poison resistance

@: protection aura
A: permanent stasis, dig shafts and tunnels, four strong arms, antennae 3
a: Dig, Shaft Self


You were on level 5 of the Dungeon.
You were hungry.

You visited 1 branch of the dungeon, and saw 5 of its levels.

You collected 190 gold pieces.

Inventory:

Hand Weapons
 a - a +0 hand crossbow
 p - a +1 whip of venom
 r - a +2 flail of protection (weapon)
Missiles
 d - 48 bolts
Armour
 b - a +0 leather armour
 e - a +0 robe
 k - a +0 cloak (worn)
 v - a +0 ring mail
 C - a +0 scale mail
 D - a +0 plate armour (worn)
Jewellery
 h - a ring of poison resistance (left hand)
Scrolls
 i - a scroll of random uselessness {unknown}
 l - a scroll of fog
 q - a scroll of recharging
 s - a scroll of remove curse
 t - 3 scrolls of noise
 w - a scroll of identify
 x - a scroll of fear {unknown}
 y - a scroll of enchant weapon {unknown}
 B - a scroll of immolation {unknown}
Potions
 g - 2 potions of might
 m - 2 potions of heal wounds
 o - a potion of magic
 u - a potion of flight {unknown}
 A - 2 potions of curing
 E - a potion of agility {unknown}
Books
 c - a book of Debilitation

   Spells                             Type                      Level
   a - Corona                         Hexes                        1
   b - Slow                           Hexes                        2
   c - Gell's Gravitas                Hexes/Translocation          3
   d - Inner Flame                    Hexes/Fire                   3
   e - Cause Fear                     Hexes                        4
   f - Leda's Liquefaction            Hexes/Earth                  4
Comestibles
 f - 3 bread rations
 j - a beef jerky
 n - a slice of pizza
 z - 3 chunks of flesh


   Skills:
 - Level 2.0 Fighting
 + Level 4.5 Maces & Flails
 * Level 6.9 Crossbows
 - Level 1.7 Dodging
 - Level 1.1 Spellcasting
 - Level 3.6 Hexes


You had 8 spell levels left.
You knew the following spells:

 Your Spells              Type           Power        Failure   Level  Hunger
a - Corona                Hex            #......      100%        1    ##.....


Dungeon Overview and Level Annotations

Branches:
Dungeon (5/15)
 Temple: D:4-7

Altars:

Annotations:
D:5 Dowan


Innate Abilities, Weirdness & Mutations

You are under a permanent stasis effect.
You can dig through walls and to a lower floor.
Your four strong arms can wield two-handed weapons with a shield.
You have a pair of large antennae on your head. (SInv)


Message History

You hear a distant wail of despair.
You have reached level 8!
You feel stronger.
You hit Dowan but do no damage.
Dowan seems to find hidden reserves of power!
Dowan hits you but does no damage. x2
You thump Dowan!
Dowan is heavily wounded.
Dowan gestures at you while chanting. The shard of ice hits you!
Dowan hits you but does no damage.
You miss Dowan.
Dowan is moderately wounded.
Dowan casts a spell at you. The shard of ice hits you!
* * * LOW HITPOINT WARNING * * *
Your plate armour prevents you from hitting Dowan.
Dowan is moderately wounded.
Dowan gestures at you while chanting. The shard of ice hits you!
You die...

### #<# ### #.# ##@#
#.# #e####.# ##.....#
*** ***** #)#####
*,***,,,* #.#####
*,,,,,,,* ##*#.....#
*,**,...###.##e....#
***,***..s{..........#
,,,,*,,...###.##.....#


You could see Dowan.

Vanquished Creatures
  Duvessa (D:5)
  A phantom (D:4)
  2 orc priests (D:4)
  2 orc wizards (D:3)
  Terence (D:2)
  Natasha (twice) (D:3)
  5 worker ants
  A hound skeleton (D:4)
  Robin (D:3)
  A gnoll (D:1)
  10 adders
  An adder skeleton (D:4)
  2 worms (D:2)
  3 dart slugs
  5 leopard geckos
  17 orcs
  3 giant cockroaches
  4 hobgoblins
  12 jackals
  4 bats
  4 frilled lizards
  20 goblins
  7 kobolds
  6 rats
  A bush (D:1)
  A plant (D:1)
117 creatures vanquished.

Notes
Turn   | Place    | Note
-------+----------+-------------------------------------------
     0 | D:1      | tv1990 the Formicid Arcane Marksman began the quest for the Orb.
     0 | D:1      | Reached XP level 1. HP: 15/15 MP: 2/2
   347 | D:1      | Reached XP level 2. HP: 21/21 MP: 3/3
   730 | D:1      | Reached XP level 3. HP: 25/27 MP: 4/4
   904 | D:1      | Reached skill level 1 in Maces & Flails
   904 | D:1      | Reached skill level 3 in Crossbows
  1141 | D:2      | Reached XP level 4. HP: 31/33 MP: 5/5
  1845 | D:2      | Reached skill level 4 in Crossbows
  1845 | D:2      | Reached XP level 5. HP: 38/38 MP: 6/6
  2509 | D:3      | Noticed Terence
  2691 | D:2      | Killed Terence
  2811 | D:3      | Reached XP level 6. HP: 35/44 MP: 7/7
  3020 | D:3      | Reached skill level 5 in Crossbows
  3028 | D:3      | Noticed Robin
  3044 | D:3      | Killed Robin
  3470 | D:3      | Found a faded altar of an unknown god.
  3478 | D:3      | Noticed Natasha
  3482 | D:3      | Killed Natasha
  3805 | D:3      | Noticed Natasha
  3813 | D:3      | Killed Natasha
  3813 | D:3      | Reached XP level 7. HP: 37/50 MP: 8/8
  3950 | D:3      | Reached skill level 6 in Crossbows
  4466 | D:5      | Entered Level 5 of the Dungeon
  4485 | D:5      | Noticed Duvessa
  4485 | D:5      | Noticed Dowan
  4516 | D:5      | Killed Duvessa
  4516 | D:5      | Reached XP level 8. HP: 38/56 MP: 9/9
  4520 | D:5      | Killed from afar by Dowan

Skill      XL: |  1  2  3  4  5  6  7 |
---------------+----------------------+-----
Fighting       | 2 |  2.0
Maces & Flails | 1 2 3 4 |  4.5
Crossbows      | 3 4 5 6 |  6.9
Dodging        | |  1.7
Spellcasting   | |  1.1
Hexes          | |  3.6

Action                   |  1- 3 |  4- 6 |  7- 9 || total
-------------------------+-------+-------+-------++-------
Melee: Whip              |    64 |    85 |       ||   149
       Flail             |    18 |   121 |   105 ||   244
 Fire: Hand crossbow     |    37 |    49 |    16 ||   102
 Abil: Dig               |       |     2 |     1 ||     3
  Use: Scroll            |     4 |       |     5 ||     9
       Potion            |       |     1 |       ||     1
  Eat: Chunk             |     1 |     9 |     2 ||    12
Armor: Leather armour    |    20 |    27 |       ||    47
       Ring mail         |       |    39 |       ||    39
       Scale mail        |       |    21 |    40 ||    61
       Plate armour      |       |       |    50 ||    50
Dodge: Dodged            |    27 |   130 |    78 ||   235

Table legend:
 A = Turns spent in this place as a percentage of turns spent in the entire game.
 B = Non-inter-level travel turns spent in this place as a percentage of non-inter-level travel turns spent in the entire game.
 C = Inter-level travel turns spent in this place as a percentage of turns spent in this place.
 D = Turns resting spent in this place as a percentage of non-inter-level travel turns spent in this place.
 E = Turns spent auto-exploring this place as a percentage of non-inter-level travel turns spent in this place.
 F = Non-inter-level travel turns spent in this place divided by the number of levels of this place that you've seen.
                   A       B       C       D       E      F
               +-------+-------+-------+-------+-------+----------------------
         Total | 100.0 | 100.0 |   0.6 |   3.4 |  14.6 | 231.0
       Dungeon | 100.0 | 100.0 |   0.6 |   3.4 |  14.6 | 231.0
               +-------+-------+-------+-------+-------+----------------------

Table legend:
 A = Kills in this place as a percentage of kills in entire the game.
 B = Kills by you in this place as a percentage of kills by you in the entire game.
 C = Kills by friends in this place as a percentage of kills by friends in the entire game.
 D = Other kills in this place as a percentage of other kills in the entire game.
 E = Experience gained in this place as a percentage of experience gained in the entire game.
 F = Experience gained in this place divided by the number of levels of this place that you have seen.
                   A       B       C       D       E      F
               +-------+-------+-------+-------+-------+----------------------
         Total | 100.0 | 100.0 |  -nan |  -nan | 100.0 | 216.4
       Dungeon | 100.0 | 100.0 |  -nan |  -nan | 100.0 | 216.4
               +-------+-------+-------+-------+-------+----------------------

Vault maps used:
D:1:      sevenhm_arrival_forest_fort_small_5, serial_forest,
          infiniplex_forest_end_1, infiniplex_forest_clump_medium,
          infiniplex_forest_lined_room_2, infiniplex_forest_clump_diagonal,
          infiniplex_forest_clump_small, infiniplex_forest_clump_tiny,
          infiniplex_forest_end_double
D:3:      ecumenical_altar_2, uniq_robin, uniq_natasha, uniq_terence
D:5:      first_bread, kennysheep_generic_room_9, uniq_prince_ribbit1,
          uniq_duvessa
